 Dungeon Crawl Stone Soup version 0.28.0-62-gf88900778d (webtiles) character file.

Game seed: 15349914785493343445

55 cbfl8 the Skirmisher (level 3, 0/36 HPs)
             Began as a Gargoyle Berserker on Aug 13, 2023.
             Was a Follower of Trog.
             Slain by a gnoll
             ... wielding a +0 flail
              (3 damage)
             ... on level 2 of the Dungeon.
             The game lasted 00:01:08 (1446 turns).

cbfl8 the Skirmisher (Gargoyle Berserker)           Turns: 1446, Time: 00:01:09

Health: 0/36       AC:  5    Str: 20    XL:     3   Next: 93%
Magic:  3/3        EV: 12    Int:  7    God:    Trog [*.....]
Gold:   8          SH:  0    Dex: 17    Spells: 2/2 levels left

rFire   + . .      SeeInvis .   a - +0 mace
rCold   . . .      Faith    .   (no shield)
rNeg    + . .      Spirit   .   b - +0 animal skin
rPois   ∞          Reflect  .   (no helmet)
rElec   +          Harm     .   (no cloak)
rCorr   .          Rampage  .   (no gloves)
Will    .....                   (no boots)
Stlth   ..........              (no amulet)
HPRegen 0.12/turn               c - ring of protection from fire
MPRegen 0.08/turn               l - +6 ring of dexterity

@: berserking, very quick
A: sickness immunity, AC +3, negative energy resistance 1, electricity
resistance, torment resistance 1, petrification resistance
a: Renounce Religion, Berserk


You were on level 2 of the Dungeon.
You worshipped Trog.
Trog was aware of your devotion.
You visited 1 branch of the dungeon, and saw 2 of its levels.

You collected 8 gold pieces.

Inventory:

Hand Weapons
 a - a +0 mace (weapon)
Armour
 b - a +0 animal skin (worn)
Jewellery
 c - a ring of protection from fire (left hand)
 l - a +6 ring of dexterity (right hand)
Scrolls
 d - a scroll of torment {unknown}
 f - a scroll of enchant weapon {unknown}
 i - a scroll of immolation {unknown}
 j - a scroll of vulnerability {unknown}
 m - a scroll of identify {unknown}
Potions
 e - 2 potions of magic {unknown}
 g - a potion of lignification {unknown}
 h - a potion of ambrosia {unknown}
 k - a potion of curing {unknown}


   Skills:
 + Level 3.9 Fighting
 + Level 3.7 Maces & Flails
 + Level 2.2 Armour
 - Level 1.5 Dodging
 + Level 0.9 Stealth
 * Level 1.1 Evocations


You had 2 spell levels left.
You didn't know any spells.
Your spell library was empty.

Dungeon Overview and Level Annotations

Branches:
Dungeon (2/15)

Altars:


Innate Abilities, Weirdness & Mutations

You are immune to sickness and miasma.
Your stone body is resilient. (AC +3)
You are immune to poison.
You resist negative energy. (rN+)
You are resistant to electric shocks. (rElec)
You are resistant to unholy torment.
You are immune to petrification.


Message History

Found a glowing short sword.
There is an open door, spattered with blood here.
You see here a bat corpse.
A rat is nearby!
A rat is nearby!
A rat is nearby!
A rat is nearby!
You see here a +1 short sword of venom.
A rat is nearby!
A rat is nearby!
The helpless rat fails to defend itself.
You sock the rat!
You kill the rat!
Trog accepts your kill. As you open the door, it creaks loudly!
You hear a shout! x2
No target in view!
A gnoll comes into view. It is wielding a +0 halberd.
There is an open door here.
Found 27 stones.
A gnoll is nearby!
A gnoll is nearby!
The gnoll throws a throwing net.
The throwing net barely misses you.
You hear a sizzling splash.
A gnoll comes into view. It is wielding a +0 flail.
There are monsters nearby!
You closely miss the gnoll. The gnoll barely misses you.
The gnoll hits you with a +0 flail! The gnoll closely misses you.
A red film seems to cover your vision as you go berserk!
You feel yourself moving faster!
You feel mighty! The gnoll hits you with a +0 flail!
The gnoll hits you with a +0 halberd!
* * * LOW HITPOINT WARNING * * *
You thump the gnoll!
The gnoll is severely wounded.
The gnoll hits you with a +0 flail!
* * * LOW HITPOINT WARNING * * *
You sock the gnoll!
You kill the gnoll!
Trog accepts your kill. The gnoll hits you with a +0 flail.
You die...

#. #.###### #
#......# #.#......#
........# #...(..#
#..g)..# #.##@#
#.##.## #.##..##
#.##...#
#.####'####
#.#.....§.# #####
#.#.§≈.≈≈§# ###
#...###.#.≈)§†≈.##
..##
#.#.....†.§≈≈§§§'.#


You could see a gnoll.

Vanquished Creatures
  Jessica (D:2)
  A gnoll (D:2)
  2 endoplasms (D:1)
  2 giant cockroaches (D:1)
  2 goblins (D:1)
  3 hobgoblins (D:1)
  A kobold (D:1)
  4 quokkas (D:1)
  3 ball pythons (D:1)
  3 bats
  3 frilled lizards (D:1)
  4 rats
29 creatures vanquished.

Notes
Turn   | Place    | Note
-------+----------+-------------------------------------------
     0 | D:1      | cbfl8 the Gargoyle Berserker began the quest for the Orb.
     0 | D:1      | Reached XP level 1. HP: 14/14 MP: 1/1
    26 | D:1      | Found a faded altar of an unknown god.
   402 | D:1      | Reached XP level 2. HP: 19/19 MP: 2/2
   824 | D:1      | Reached XP level 3. HP: 8/24 MP: 3/3
  1332 | D:2      | Noticed Jessica
  1340 | D:2      | Killed Jessica
  1341 | D:2      | Reached skill level 1 in Evocations
  1446 | D:2      | Slain by a gnoll

Illustrated notes

Levels and vault maps discovered:
D:1:      lemuel_arrival_behind_the_door_small, layout_basic,
          dreamdust_ecumenical_altar_statues, serial_bayou_pond_d, minmay_tall_x
D:2:      layout_loops_ring, kennysheep_generic_room_9, uniq_jessica

Skill      XL: |  1  2  3 |
---------------+----------+-----
Evocations     | 1 |  1.1
Fighting       | |  3.9
Maces & Flails | |  3.7
Armour         | |  2.2
Dodging        | |  1.5
Stealth        | |  0.9

Action                   || total
-------------------------++-------
Melee: Mace              ||    76
Invok: Berserk           ||     3
 Stab: Sleeping          ||     2
Armor: Animal skin       ||    40
Dodge: Dodged            ||    60
